 Dungeon Crawl Stone Soup version 0.27-a0-668-gb5737ff2c0 (webtiles) character file.

Game seed: 10723659504065235515

16 qwitwa the Poker (level 2, -17/24 HPs)
             Began as a Merfolk Berserker on Mar 18, 2021.
             Was a Follower of Trog.
             Demolished by an ogre
             ... wielding a +0 giant spiked club
              (18 damage)
             ... on level 4 of the Dungeon.
             The game lasted 00:01:44 (546 turns).

qwitwa the Poker (Merfolk Berserker)                 Turns: 546, Time: 00:01:44

Health: -17/24     AC:  5    Str: 17    XL:     2   Next: 54%
Magic:  2/2        EV: 12    Int:  6    God:    Trog [*.....]
Gold:   14         SH:  0    Dex: 13    Spells: 1/1 levels left

rFire    . . .     SeeInvis .   a - +0 spear
rCold    . . .     Faith    .   (no shield)
rNeg     . . .     Spirit   .   b - +0 animal skin
rPois    .         Reflect  .   (no helmet)
rElec    .         Harm     .   (no cloak)
rCorr    .         Rampage  .   (no gloves)
Will     .....                  (no boots)
Stlth    +.........             (no amulet)
HPRegen  0.08/turn              (no ring)
MPRegen  0.08/turn              (no ring)

@: no status effects
A: (nimble swimmer 2), mertail, iridescent scales 1, shaggy fur 1, subdued magic
1
a: Renounce Religion, Berserk


You were on level 4 of the Dungeon.
You worshipped Trog.
Trog was aware of your devotion.
You visited 1 branch of the dungeon, and saw 4 of its levels.

You collected 14 gold pieces.

Inventory:

Hand Weapons
 a - a +0 spear (weapon)
 d - a +3 mace
Missiles
 c - 71 stones
Armour
 b - a +0 animal skin (worn)


   Skills:
 * Level 3.6 Fighting
 * Level 4.7 Polearms
 * Level 1.6 Armour
 + Level 2.9 Dodging


You had one spell level left.
You didn't know any spells.
Your spell library was empty.

Dungeon Overview and Level Annotations

Branches:
Dungeon (4/15)
 Temple: D:4-7

Altars:
Wu Jian


Innate Abilities, Weirdness & Mutations

((You are quick and stealthy while swimming. (Stealth+, EV+, Speed+++)))
Your lower body shifts to a powerful aquatic tail in water.
You are partially covered in iridescent scales. (AC +2)
You are covered in fur. (AC +1)
Your spells are a little easier to cast, but a little less powerful.


Message History

You see here a +0 club.
There is a stone staircase leading down here.
You climb downwards.
There is a stone staircase leading up here.
A frilled lizard and an ogre come into view.
The ogre shouts!
Found a stone staircase leading down.
A giant cockroach comes into view.
The frilled lizard bites you but does no damage.
The ogre closely misses you. The frilled lizard bites you.
The ogre closely misses you.
It was a potion of mutation.
You feel extremely strange.
Your connection to magic feels subdued.
Iridescent scales grow over part of your body.
Fur sprouts all over your body. The ogre closely misses you.
You hit the ogre.
The ogre is lightly wounded.
The ogre hits you with a +0 giant spiked club!!
Ouch! That really hurt!
* * * LOW HITPOINT WARNING * * *
You barely miss the ogre.
The ogre is lightly wounded.
You hit the ogre.
The ogre is moderately wounded.
The ogre barely misses you.
You hit the ogre but do no damage.
The ogre is moderately wounded.
The ogre misses you.
You hit the ogre.
The ogre is moderately wounded.
The ogre barely misses you.
You hit the ogre but do no damage.
The ogre is moderately wounded.
The ogre closely misses you.
You hit the ogre.
The ogre is heavily wounded.
The ogre hits you with a +0 giant spiked club!!
Ouch! That really hurt!
You die...

#########
#<......#
#######.# #@#
#O#
#######B#####.#
#.>....l..B...#
##..###.####..#
.. #.# ... #.#
#+#


You could see an ogre, a giant cockroach and a frilled lizard.

Vanquished Creatures
  An ooze (D:2)
  A leopard gecko (D:1)
  2 giant cockroaches (D:1)
  A goblin (D:1)
  3 hobgoblins
  A bat (D:1)
9 creatures vanquished.

Notes
Turn   | Place    | Note
-------+----------+-------------------------------------------
     0 | D:1      | qwitwa the Merfolk Berserker began the quest for the Orb.
     0 | D:1      | Reached XP level 1. HP: 18/18 MP: 1/1
   291 | D:1      | Reached XP level 2. HP: 21/24 MP: 2/2
   501 | D:3      | Found an ornate altar of the Wu Jian Council.
   534 | D:4      | Noticed an ogre
   539 | D:4      | Gained mutation: Your spells are a little easier to cast,
                  | but a little less powerful. [potion of mutation]
   539 | D:4      | Gained mutation: You are partially covered in iridescent
                  | scales. (AC +2) [potion of mutation]
   539 | D:4      | Gained mutation: You are covered in fur. (AC +1) [potion of
                  | mutation]
   540 | D:4      | HP: 1/24 [ogre/+0 giant spiked club (21)]
   546 | D:4      | Demolished by an ogre

Illustrated notes

Levels and vault maps discovered:
D:1:      dpeg_arrival_water_temple_mockup, layout_basic,
          minmay_misc_feat_hallway
D:2:      layout_basic, trog_three_pillars_becter, uniq_sigmund, uniq_jessica,
          uniq_terence, uniq_natasha
D:3:      layout_loops_cross, nicolae_overflow_crystal_walls,
          nicolae_wu_jian_wuxing_cycle, marbit_many_paths, uniq_ijyb, uniq_robin
D:4:      layout_basic, uniq_eustachio

Action                   || total
-------------------------++-------
Melee: Spear             ||    36
  Use: Potion            ||     1
Armor: Animal skin       ||     1
Dodge: Dodged            ||    28

Table legend: (Time is in decaauts)
 A = Elapsed time spent in this place.
 B = Non-inter-level travel time spent in this place.
 C = Inter-level travel time spent in this place.
 D = Time resting spent in this place.
 E = Time spent auto-exploring this place.
 F = Levels seen in this place.
 G = Mean time per level.
                   A        B        C        D        E       F      G
               +--------+--------+--------+--------+--------+-----+--------+
         Total |    540 |    540 |      0 |    264 |     41 |   4 |  135.0 |
       Dungeon |    540 |    540 |      0 |    264 |     41 |   4 |  135.0 |
               +--------+--------+--------+--------+--------+-----+--------+

Top non-repeatable levels by time:
     D:1: 338 daAuts
     D:2: 142 daAuts
     D:3: 38 daAuts
     D:4: 21 daAuts
